 Dungeon Crawl Stone Soup version 0.26.1-11-gd32895ea62 (webtiles) character file.

Game seed: 12561598786598691340

20261 eljoo the Zephyrmancer (level 12, -4/100 HPs)
             Began as a Black Draconian Air Elementalist on June 9, 2021.
             Was a High Priest of Vehumet.
             Killed by divine providence
             ... invoked by a meliai
              (13 damage)
             ... on level 13 of the Dungeon.
             The game lasted 01:56:07 (16110 turns).

eljoo the Zephyrmancer (DrAE)                      Turns: 16110, Time: 01:56:08

Health: -4/100     AC: 13    Str: 11    XL:     12   Next: 43%
Magic:  7/23       EV: 17    Int: 29    God:    Vehumet [*****.]
Gold:   792        SH:  0    Dex: 14    Spells: 7/26 levels left

rFire    . . .     SeeInvis .   Y - +1 quarterstaff "Hydraslayer" {drain, rPois rN++ Int+2 Dex+3}
rCold    . . .     Faith    .   (shield currently unavailable)
rNeg     + + .     Spirit   .   (armour unavailable)
rPois    +         Reflect  .   (helmet restricted)
rElec    +         Harm     .   R - +0 cloak
rCorr    .         Rampage  .   t - +2 pair of gloves
Will     .....                  J - +0 pair of boots
Stlth    +++.......             a - amulet of magic regeneration
HPRegen  0.26/turn              E - +6 ring of intelligence
MPRegen  0.43/turn              B - +4 ring of evasion

@: swift, very quick
A: breathe lightning, unfitting armour, electricity resistance, cold-blooded, AC
+8
a: Breathe Lightning, Renounce Religion


You were on level 13 of the Dungeon.
You worshipped Vehumet.
Vehumet was extremely pleased with you.
You visited 4 branches of the dungeon, and saw 18 of its levels.

You collected 792 gold pieces.

Inventory:

Hand Weapons
 n - a +2 falchion of electrocution
 N - a +0 shortbow
 Y - the +1 quarterstaff "Hydraslayer" (weapon) {drain, rPois rN++ Int+2 Dex+3}
   (You found it on level 8 of the Dungeon)

   A truly terrible weapon, it drains the life of those it strikes.
   It affects your intelligence (+2).
   It affects your dexterity (+3).
   It protects you from poison.
   It greatly protects you from negative energy.
 Z - a +5 dagger of chaos
Missiles
 O - 189 arrows
Armour
 t - a +2 pair of gloves (worn)
 J - a +0 pair of boots (worn)
 R - a +0 cloak (worn)
Magical Staves
 L - an uncursed staff of conjuration
Jewellery
 a - an amulet of magic regeneration (around neck)
 j - an uncursed ring of resist corrosion
 o - an uncursed ring of see invisible
 p - an uncursed ring of positive energy
 w - an uncursed amulet of regeneration
 B - a +4 ring of evasion (right hand)
 E - a +6 ring of intelligence (left hand)
Wands
 r - a wand of polymorph (7)
 y - a wand of disintegration (32) (quivered)
 A - a wand of random effects (50)
 C - a wand of acid (7)
 I - a wand of paralysis (33)
 M - a wand of iceblast (8)
 Q - a wand of flame (14)
Scrolls
 b - a scroll of random uselessness
 c - 10 scrolls of identify
 f - a scroll of fear {unknown}
 g - 4 scrolls of amnesia
 h - 6 scrolls of remove curse
 m - 5 scrolls of enchant weapon
 q - 2 scrolls of blinking {unknown}
 s - a scroll of magic mapping
 u - a scroll of immolation {unknown}
 z - a scroll of noise {unknown}
 D - a scroll of torment
 H - 4 scrolls of teleportation
 P - a scroll of enchant armour
 T - a scroll of silence {unknown}
Potions
 d - 2 potions of degeneration {unknown}
 e - a potion of mutation {unknown}
 i - a potion of flight {unknown}
 k - 4 potions of curing
 l - 4 potions of brilliance {unknown}
 v - 3 potions of attraction
 x - 2 potions of cancellation {unknown}
 F - a potion of might {unknown}
 G - 2 potions of ambrosia
 U - a potion of magic {unknown}
 X - a potion of haste
Miscellaneous
 K - a box of beasts


   Skills:
 + Level 7.0 Fighting
 - Level 2.4 Short Blades
 + Level 5.6 Staves
 - Level 2.6 Dodging
 - Level 6.0 Stealth
 + Level 7.5 Spellcasting
 + Level 7.9 Conjurations
 - Level 8.1 Necromancy
 * Level 13.5 Air Magic


You had 7 spell levels left.
You knew the following spells:

 Your Spells              Type           Power        Failure   Level
a - Shock                 Conj/Air       100%         1%          1
b - Swiftness             Air            74%          1%          2
c - Animate Skeleton      Necr           100%         1%          1
d - Pain                  Necr           100%         1%          1
e - Airstrike             Air            37%          1%          4
f - Vampiric Draining     Necr           27%          1%          3
g - Searing Ray           Conj           100%         1%          2
h - Lightning Bolt        Conj/Air       32%          1%          5

Your spell library contained the following spells:

 Spells                   Type           Power        Failure   Level
 Orb of Destruction       Conj           27%          36%         7
 Static Discharge         Conj/Air       65%          1%          3
 Animate Dead             Necr           27%          1%          4
 Apportation              Tloc           20%          4%          1
 Corona                   Hex            11%          4%          1
 Summon Small Mammal      Summ           40%          4%          1
 Agony                    Necr           55%          4%          5


Dungeon Overview and Level Annotations

Branches:
Dungeon (15/15)            Temple (1/1) D:5            Lair (1/6) D:8
    Orc (1/2) D:11
 Vaults: D:13-14     Depths: D:15

Altars:
Ashenzari
Cheibriados
Dithmenos
Elyvilon
Fedhas
Gozag
Hepliaklqana
Kikubaaqudgha
Makhleb
Nemelex Xobeh
Okawaru
Qazlal
Ru
Sif Muna
Trog
Uskayaw
Vehumet
Wu Jian
Xom
Yredelemnul
Zin
The Shining One
Beogh

Shops:
D:6 *   D:15 =

Annotations:
Orc:1 Fannar


Innate Abilities, Weirdness & Mutations

You can breathe wild blasts of lightning.
Your glossy black scales are hard. (AC +8)
You cannot fit into any form of body armour.
You are resistant to electric shocks. (rElec)
You are cold-blooded and may be slowed by cold attacks.


Message History

You open the door.
The centaur shoots an arrow.
The arrow misses you.
The centaur shoots an arrow.
The arrow completely misses you.
Your surroundings suddenly seem different.
A meliai comes into view. It is wielding a +0 war axe.
The meliai buzzes angrily.
A meliai comes into view. It is wielding a +0 hand axe.
The meliai buzzes angrily.
A hound comes into view.
The hound barks!
The meliai hits you with a cursed +0 hand axe!
* * * LOW HITPOINT WARNING * * *
The meliai stings you but does no damage.
A meliai comes into view. It is wielding a +0 war axe.
The meliai hits you with a +0 war axe.
* * * LOW HITPOINT WARNING * * *
The meliai stings you!
* * * LOW HITPOINT WARNING * * *
The meliai invokes the aid of its god against you.
Something smites you!
You die...

##########
#.......h.
#.........
#.........
#.........
#.y.......
#y@y......
#.........
##+#######


You could see 3 meliai and a hound.

Vanquished Creatures
  A hydra (D:11)
  A boulder beetle (D:11)
  4 two-headed ogres
  A centaur warrior (D:13)
  A wizard (D:14)
  Pikel (D:7)
  2 cyclopes (D:12)
  A manticore (D:12)
  Joseph (D:10)
  Psyche (D:8)
  A gargoyle (D:12)
  Maggie (D:9)
  A tengu conjurer (D:13)
  A komodo dragon (D:12)
  A troll (Orc:1)
  Prince Ribbit (D:5)
  A hornet (D:12)
  3 slime creatures
  2 dream sheep (D:11)
  A centaur simulacrum (D:15)
  2 wraiths
  A wyvern (D:14)
  10 yaks
  Eustachio (D:5)
  A steam dragon (D:12)
  5 sky beasts
  10 orc warriors
  5 black bears
  3 phantoms
  2 necrophages (D:6)
  11 ogres
  A hornet zombie (D:9)
  2 ice beasts
  3 wolves (D:13)
  2 lemures (D:7)
  11 centaurs
  9 bullfrogs
  5 big kobolds
  A wyvern zombie (D:12)
  A water moccasin zombie (D:8)
  3 scorpions
  7 wights
  4 howler monkeys
  3 jellies
  A centaur zombie (D:8)
  A quasit (D:12)
  2 bullfrog zombies (D:10)
  A wyvern simulacrum (D:13)
  7 hounds
  5 orc priests
  Ijyb (D:3)
  Jessica (D:2)
  6 iguanas
  14 orc wizards
  4 worker ants
  A hound zombie (D:10)
  2 worker ant zombies
  4 gnolls (D:6)
  18 adders
  4 white imps
  3 ufetubi
  4 oozes
  2 adder skeletons
  3 adder zombies
  4 worms
  2 dart slugs
  5 leopard geckos
  60 orcs
  4 bats
  A giant cockroach (D:2)
  7 goblins
  10 hobgoblins
  16 jackals
  16 kobolds
  2 quokkas
  A ball python (D:2)
  12 frilled lizards
  A leopard gecko skeleton (D:5)
  A quokka zombie (D:7)
  7 rats
363 creatures vanquished.

Vanquished Creatures (collateral kills)
  An adder skeleton (D:5)
1 creature vanquished.

Vanquished Creatures (others)
  A tengu conjurer (D:13)
  A sky beast (D:9)
  3 fungi (D:8)
  13 plants
18 creatures vanquished.

Grand Total: 382 creatures vanquished

Notes
Turn   | Place    | Note
-------+----------+-------------------------------------------
     0 | D:1      | eljoo the Draconian Air Elementalist began the quest for
                  | the Orb.
     0 | D:1      | Reached XP level 1. HP: 14/14 MP: 3/3
   150 | D:1      | Reached XP level 2. HP: 20/20 MP: 0/5
  1280 | D:2      | Noticed Jessica
  1285 | D:2      | Killed Jessica
  1286 | D:2      | Reached XP level 3. HP: 26/26 MP: 0/6
  2086 | D:2      | Reached XP level 4. HP: 33/33 MP: 2/7
  2517 | D:2      | Reached skill level 4 in Air Magic
  2521 | D:2      | Found a snail-covered altar of Cheibriados.
  2710 | D:3      | Noticed a water moccasin
  2909 | D:3      | Reached XP level 5. HP: 38/38 MP: 4/8
  2942 | D:3      | Found a hazy altar of Hepliaklqana.
  3362 | D:3      | Noticed Ijyb
  3401 | D:3      | Killed Ijyb
  3479 | D:3      | Found a faded altar of an unknown god.
  3685 | D:4      | Learned a level 2 spell: Swiftness
  3687 | D:4      | Learned a level 1 spell: Animate Skeleton
  3802 | D:4      | Found an iron altar of Okawaru.
  3958 | D:4      | Reached skill level 1 in Necromancy
  3958 | D:4      | Reached XP level 6. HP: 45/45 MP: 5/10
  4245 | D:4      | Noticed Eustachio
  4278 | D:5      | Entered Level 5 of the Dungeon
  4325 | D:5      | Noticed a sky beast
  4369 | D:5      | Found a staircase to the Ecumenical Temple.
  4379 | Temple   | Entered the Ecumenical Temple
  4664 | Temple   | Became a worshipper of Vehumet
  4689 | D:5      | Reached skill level 5 in Air Magic
  4762 | D:5      | Learned a level 1 spell: Pain
  5081 | D:5      | Your scales start taking on a glossy black colour.
  5081 | D:5      | Reached skill level 6 in Air Magic
  5081 | D:5      | Reached XP level 7. HP: 34/50 MP: 4/11
  5081 | D:5      | Gained mutation: You are resistant to electric shocks.
                  | (rElec) [Black Draconian growth]
  5557 | D:5      | Found a bloodstained altar of Trog.
  5667 | D:5      | Noticed Prince Ribbit
  5848 | D:5      | Found an ornate altar of the Wu Jian Council.
  5848 | D:5      | Found a glowing silver altar of Zin.
  6007 | D:4      | Paralysed by an orc for 4 turns
  6362 | D:5      | Killed Eustachio
  6363 | D:5      | Reached skill level 5 in Stealth
  6363 | D:5      | Reached skill level 7 in Air Magic
  6363 | D:5      | Reached XP level 8. HP: 27/57 MP: 9/13
  6580 | D:5      | Killed Prince Ribbit
  6682 | D:6      | Found Qimis's General Store.
  6730 | D:6      | Reached * piety under Vehumet
  6730 | D:6      | Offered knowledge of Magic Dart by Vehumet.
  6913 | D:5      | Learned a level 4 spell: Airstrike
  6917 | D:5      | Learned a level 3 spell: Vampiric Draining
  7036 | D:6      | Reached skill level 8 in Air Magic
  7065 | D:5      | Reached skill level 5 in Necromancy
  7299 | D:6      | Reached XP level 9. HP: 57/62 MP: 15/15
  7439 | D:6      | Reached ** piety under Vehumet
  7439 | D:6      | Offered knowledge of Searing Ray by Vehumet.
  7500 | D:6      | Learned a level 2 spell: Searing Ray
  8155 | D:7      | Noticed Pikel
  8197 | D:7      | Killed Pikel
  8198 | D:7      | Reached skill level 1 in Fighting
  8198 | D:7      | Reached skill level 1 in Short Blades
  8198 | D:7      | Reached skill level 9 in Air Magic
  8605 | D:7      | Offered knowledge of Ignite Poison by Vehumet.
  8709 | D:7      | Found a shimmering blue altar of Sif Muna.
  8903 | D:8      | Got a masterwork quarterstaff
  8942 | D:8      | Noticed Psyche
  9054 | D:8      | Reached skill level 5 in Conjurations
  9056 | D:8      | Reached skill level 5 in Spellcasting
  9175 | D:8      | Found a glowing silver altar of Zin.
  9229 | D:8      | Reached *** piety under Vehumet
  9477 | D:8      | Found a staircase to the Lair.
  9726 | D:8      | Killed Psyche
  9727 | D:8      | Reached XP level 10. HP: 74/74 MP: 5/17
  9819 | D:9      | Learned a level 5 spell: Lightning Bolt
  9862 | D:9      | Identified the cursed +1 quarterstaff "Hydraslayer" {drain,
                  | rPois rN++ Int+2 Dex+3} (You found it on level 8 of the
                  | Dungeon)
  9985 | D:9      | Reached skill level 10 in Air Magic
 10167 | D:9      | Noticed Maggie
 10197 | D:9      | Killed Maggie
 10198 | D:9      | Reached skill level 1 in Staves
 10358 | D:9      | Offered knowledge of Mephitic Cloud by Vehumet.
 10616 | Lair:1   | Entered Level 1 of the Lair of Beasts
 11083 | D:9      | Noticed a two-headed ogre
 11088 | D:9      | Killed a two-headed ogre
 11398 | D:10     | Entered Level 10 of the Dungeon
 11557 | D:10     | Got a distressingly furry kite shield
 11565 | D:10     | Identified the cursed -1 kite shield of Classification
                  | {rPois Slay-5 Stlth+} (You found it on level 10 of the
                  | Dungeon)
 11583 | D:10     | Noticed Joseph
 11789 | D:10     | Killed Joseph
 12089 | D:10     | Reached skill level 11 in Air Magic
 12278 | D:10     | Reached **** piety under Vehumet
 12438 | D:10     | Offered knowledge of Conjure Flame by Vehumet.
 12439 | D:10     | Reached XP level 11. HP: 84/84 MP: 17/19
 12959 | D:11     | Noticed a boulder beetle
 13151 | D:11     | Killed a boulder beetle
 13386 | D:11     | Found a staircase to the Orcish Mines.
 13390 | D:11     | Found a roughly hewn altar of Beogh.
 13540 | D:11     | Noticed a two-headed ogre
 13544 | D:11     | Killed a two-headed ogre
 13545 | D:11     | Reached skill level 5 in Fighting
 13737 | D:11     | Reached skill level 12 in Air Magic
 13760 | D:11     | Noticed a three-headed hydra
 13786 | D:11     | Killed a three-headed hydra
 13795 | D:11     | Reached ***** piety under Vehumet
 14030 | D:11     | Offered knowledge of Orb of Destruction by Vehumet.
 14170 | Orc:1    | Entered Level 1 of the Orcish Mines
 14211 | Orc:1    | Noticed Fannar
 14845 | D:12     | Reached XP level 12. HP: 96/96 MP: 15/22
 15019 | D:12     | Reached skill level 5 in Staves
 15092 | D:12     | Reached skill level 13 in Air Magic
 15243 | D:12     | You fall into a shaft and drop 3 floors!
 15243 | D:15     | Entered Level 15 of the Dungeon
 15269 | D:15     | Noticed a centaur warrior
 15528 | D:15     | Noticed a centaur warrior
 15538 | D:15     | Found Xazeskall's Jewellery Boutique.
 15589 | D:15     | Noticed a centaur warrior
 15711 | D:14     | Found a shadowy altar of Dithmenos.
 15726 | D:14     | Noticed a two-headed ogre
 15730 | D:14     | Noticed a two-headed ogre
 15745 | D:14     | Killed a two-headed ogre
 15751 | D:14     | Noticed an ogre mage
 15753 | D:14     | Killed a two-headed ogre
 16084 | D:13     | Noticed a centaur warrior
 16089 | D:13     | Killed a centaur warrior
 16110 | D:13     | Killed from afar by a meliai

Illustrated notes

Levels and vault maps discovered:
D:1:      dpeg_arrival_tiny_f, layout_basic, minmay_lizard_pond
D:2:      layout_basic, lemuel_coloured_pillars_altar, corexii_shack,
          minmay_fountain_box, uniq_jessica
D:3:      layout_rooms, nicolae_overflow_crystal_walls,
          chequers_ecumenical_altar_twisty, uniq_ijyb
D:4:      layout_gridville, okawaru_altar_gauntlet_db, uniq_eustachio
D:5:      layout_basic, bloody_trog, gammafunk_temple_overflow_elements,
          minmay_temple_entry_sparse_star, kennysheep_big_empty_room,
          uniq_prince_ribbit1
D:6:      cheibrodos_thug_alley, layout_rooms, serial_shops, shop
D:7:      layout_cave_pools, tgw_sif, kennysheep_another_room,
          serial_park_tiny_pond, uniq_pikel
D:8:      layout_gridville, grunt_lair_entry_orc_guard_hut, basic_altar,
          lightli_ossuary_entry_decrepit_ruins, uniq_psyche
D:9:      lemuel_flame_loot_2, layout_grid_maze, uniq_maggie
D:10:     layout_basic, serial_corexii_hall, corexii_hall_statues_u,
          corexii_hall_statues_i, corexii_hall_statues_i,
          chequers_hall_statues_y, uniq_joseph
D:11:     layout_long_grid, minmay_orc_entry_temple_small, hangedman_ranch
          [blue_anna_fruit_fields]
D:12:     layout_small_grid, gauntlet_entry_generic
D:13:     layout_roguey, serial_ice, serial_ice_d, serial_ice_i, serial_ice_o,
          serial_ice_a, serial_ice_f, serial_ice_h, serial_ice_b, serial_ice_g,
          serial_ice_c, serial_ice_n, basic_altar, uniq_azrael, uniq_sonja
D:14:     layout_rooms, david_vaults_1, kennysheep_cross_room,
          grunt_dithmenos_smoke_and_mirrors
D:15:     grunt_enter_depths_snipers, layout_basic, ebering_ghost_funeral_grove,
          corexii_leaking_fountain, minmay_shop_enchanted_jewellery
Temple:   lightli_temple_of_artemis
Lair:1:   minmay_lair_oklob_tunnel, layout_big_grid, lemuel_fruit_tree,
          grunt_megastairs_1
Orc:1:    layout_caves, serial_shops, nicolae_shop_statue_plus, uniq_fannar,
          uniq_nergalle

Skill      XL: |  1  2  3  4  5  6  7  8  9 10 11 12 |
---------------+-------------------------------------+-----
Stealth        | 2 3 4 5 6 |  6.0
Dodging        | 2 |  2.6
Air Magic      | 4 6 7 8 9 11 12 13 | 13.5
Conjurations   | 2 3 4 5 6 7 |  7.9
Necromancy     | 1 2 3 5 6 8 |  8.1
Spellcasting   | 3 4 5 7 |  7.5
Fighting       | 2 4 6 7 |  7.0
Short Blades   | 2 |  2.4
Staves         | 2 4 5 |  5.6

Action                   |  1- 3 |  4- 6 |  7- 9 | 10-12 || total
-------------------------+-------+-------+-------+-------++-------
Melee: Unarmed           |     2 |       |       |       ||     2
       Club              |     5 |       |       |       ||     5
       Dagger            |    27 |     7 |     6 |     2 ||    42
       Tailslap          |     1 |       |     3 |    21 ||    25
       Rapier            |       |       |     8 |       ||     8
       Quarterstaff      |       |       |       |   130 ||   130
 Cast: Shock             |    82 |   214 |   164 |   109 ||   569
       Animate Skeleton  |       |     4 |     3 |       ||     7
       Pain              |       |     8 |    23 |       ||    31
       Swiftness         |       |     4 |     2 |    11 ||    17
       Airstrike         |       |       |    50 |   205 ||   255
       Searing Ray       |       |       |     7 |     2 ||     9
       Lightning Bolt    |       |       |       |    32 ||    32
 Abil: Breathe Lightning |       |       |       |     3 ||     3
  Use: Scroll            |     4 |     2 |     5 |     8 ||    19
       Potion            |       |     2 |     4 |     2 ||     8
 Stab: Sleeping          |       |       |       |     5 ||     5
Armor: Skin              |     6 |    38 |    92 |    95 ||   231
Dodge: Dodged            |    18 |    76 |   221 |   263 ||   578
Block: Other             |     6 |       |       |       ||     6
